 Dungeon Crawl Stone Soup version 0.24-a0-429-g4608c8fa30 (webtiles) character file.

Game seed: 11025488481357267160

11772 alrianne the Envoy of Void (level 11, -1/89 HPs)
             Began as a Demonspawn Abyssal Knight on June 13, 2019.
             Was a High Priest of Lugonu.
             Slain by a yak (14 damage)
             ... on level 2 of the Lair of Beasts.
             The game lasted 00:43:05 (10017 turns).

alrianne the Envoy of Void (DsAK)                  Turns: 10017, Time: 00:43:06

Health: -1/89      AC: 23    Str: 16    XL:     11   Next: 53%
Magic:  0/19       EV: 11    Int: 16    God:    Lugonu [*****.]
Gold:   936        SH: 11    Dex: 12    Spells: 10/10 levels left

rFire    . . .     SeeInvis +   a - +4 falchion
rCold    + . .     Gourm    .   F - +1 large shield
rNeg     . . .     Faith    .   K - +2 robe of Ciantiv {Regen+ Int+2}
rPois    .         Spirit   +   (helmet restricted)
rElec    .         Reflect  .   q - scarf {Spirit}
rCorr    .         Harm     .   n - +2 pair of gloves
MR       .....                  p - +2 pair of boots
Stlth    +.........             u - amulet of regeneration {+regen, !d}
HPRegen  1.04/turn              E - ring of see invisible {sInv, !d}
MPRegen  0.16/turn              A - ring of protection from cold {rC+, !d}

@: sanguine armour
A: horns 2, spiny 2, sanguine armour 3
a: Depart the Abyss, Bend Space, Banish, Corrupt, Enter the Abyss, Renounce
Religion


You were on level 2 of the Lair of Beasts.
You worshipped Lugonu.
Lugonu was extremely pleased with you.
You were very hungry.

You visited 3 branches of the dungeon, and saw 14 of its levels.
You visited the Abyss 1 time.

You collected 936 gold pieces.

Inventory:

Hand Weapons
 a - a +4 falchion (weapon)
Armour
 b - a +1 leather armour
 n - a +2 pair of gloves (worn)
   (You found it on level 3 of the Dungeon)
 p - a +2 pair of boots (worn)
   (You found it on level 3 of the Dungeon)
 q - a scarf of spirit shield (worn)
   (You found it on level 3 of the Dungeon)
 F - a +1 large shield (worn)
   (You found it on level 7 of the Dungeon)
 K - the +2 robe of Ciantiv (worn) {Regen+ Int+2}
   (You found it on level 8 of the Dungeon)

   It affects your intelligence (+2).
   It increases your rate of regeneration.
 M - a +2 hat
   (You found it on level 10 of the Dungeon)
 O - the cursed +1 ring mail "Pownas" {rPois rF+ Slay-3, unknown}
   (You found it on level 10 of the Dungeon)

   It affects your accuracy and damage with ranged weapons and melee attacks
   (-3).
   It protects you from fire.
   It protects you from poison.
   It has a curse placed upon it.
 P - a scarf of resistance
   (You found it on level 10 of the Dungeon)
Magical Staves
 v - an uncursed staff of wizardry {unknown}
   (You found it on level 4 of the Dungeon)
Jewellery
 h - an uncursed amulet of rage {+Rage, !d}
   (You found it on level 3 of the Dungeon)
 u - an amulet of regeneration (around neck) {+regen, !d}
   (You found it on level 5 of the Dungeon)
 x - an uncursed ring of resist corrosion
   (You found it on level 5 of the Dungeon)
 A - a ring of protection from cold (right hand) {rC+, !d}
   (You found it on level 6 of the Dungeon)
 E - a ring of see invisible (left hand) {sInv, !d}
   (You found it on level 8 of the Dungeon)
Wands
 o - a wand of enslavement (19)
   (You took it off Ijyb on level 3 of the Dungeon)
 z - a wand of acid (9)
   (You found it on level 6 of the Dungeon)
 H - a wand of digging (8)
   (You found it on level 7 of the Dungeon)
 J - a wand of polymorph (9)
   (You found it on level 7 of the Dungeon)
 L - a wand of scattershot (6)
   (You found it on level 11 of the Dungeon)
 R - a wand of clouds (8)
   (You found it on level 10 of the Dungeon)
Scrolls
 d - a scroll of blinking {!r}
 e - 5 scrolls of remove curse
 f - 5 scrolls of teleportation
 j - 6 scrolls of immolation {!r}
 k - a scroll of enchant weapon
 l - 4 scrolls of fear
 y - 5 scrolls of amnesia
 I - 4 scrolls of identify
 S - a scroll of enchant armour
Potions
 g - 2 potions of brilliance
 i - 3 potions of agility
 m - 2 potions of might
 r - a potion of flight {unknown}
 s - 3 potions of berserk rage {unknown}
 t - a potion of magic
 w - a potion of heal wounds {unknown}
 B - a potion of experience {unknown}
 C - 2 potions of degeneration {unknown}
 D - 2 potions of ambrosia {unknown}
 G - a potion of curing
 N - a potion of lignification {unknown}
Miscellaneous
 Q - a sack of spiders
Comestibles
 c - 18 rations


   Skills:
 + Level 9.0 Fighting
 + Level 7.8 Long Blades
 + Level 7.9 Armour
 + Level 7.6 Dodging
 + Level 11.0 Invocations


You had 10 spell levels left.
You didn't know any spells.
Your spell library contained the following spells:

 Spells                   Type           Power        Failure   Level  Hunger
 Corona                   Hex            #......      100%        1    ##.....
 Flame Tongue             Conj/Fire      #....        100%        1    ##.....
 Sandblast                Erth           #.....       100%        1    ##.....
 Passwall                 Tmut/Erth      #.......     100%        2    ###....
 Slow                     Hex            #.......     100%        2    ###....
 Inner Flame              Hex/Fire       #.......     100%        3    ####...
 Portal Projectile        Hex/Tloc       #.....       100%        3    ####...
 Stone Arrow              Conj/Erth      #.....       100%        3    ####...
 Cause Fear               Hex            #.........   100%        4    #####..
 Leda's Liquefaction      Hex/Erth       #.........   100%        4    #####..
 Petrify                  Tmut/Erth      #.......     100%        4    #####..
 Lee's Rapid Deconstruct  Erth           #.........   100%        5    ######.
 Silence                  Hex/Air        #.........   100%        5    ######.
 Yara's Violent Unravell  Hex/Tmut       #.........   100%        5    ######.
 Bolt of Fire             Conj/Fire      #.........   100%        6    #######
 Deflect Missiles         Chrm/Air       #.........   100%        6    #######
 Dragon Form              Tmut           #.........   100%        7    #######
 Discord                  Hex            #.........   100%        8    #######
 Dragon's Call            Summ           #.........   100%        9    #######


Dungeon Overview and Level Annotations

Branches:
Dungeon (11/15)            Temple (1/1) D:5            Lair (1/6) D:11
    Orc: D:9-12

Altars:
Ashenzari
Cheibriados
Dithmenos
Elyvilon
Fedhas
Gozag
Hepliaklqana
Kikubaaqudgha
Makhleb
Nemelex Xobeh
Okawaru
Qazlal
Ru
Sif Muna
Trog
Uskayaw
Vehumet
Wu Jian
Xom
Yredelemnul
Zin
The Shining One

Shops:
D:10 (*

Annotations:
D:5 corrupted
D:8 1 runed translucent door


Innate Abilities, Weirdness & Mutations

You have a pair of horns on your head.
You are mostly covered in sharp spines.
When seriously injured, your bleeding wounds create very thick armour. (AC +12)


Message History

You barely miss the yak. You block the yak's attack.
Your shield prevents you from hitting the yak.
You block the yak's attack.
You slash the yak! The yak gores you but does no damage.
A crocodile comes into view.
You slash the yak!
You kill the yak!
Lugonu accepts your kill.
Your Invocations skill increases to level 11!
You are feeling very hungry.
The yak gores you!
You take 7 damage, and have 70/87 hp.
You now have 14/19 mp.
You hit the yak. The yak closely misses you.
You riposte.
You slash the yak! The yak barely misses you.
Your shield prevents you from hitting the yak.
The yak gores you. x2
You take 9 damage, and have 62/87 hp.
You now have 13/19 mp.
You hit the yak. The yak barely misses you. You block the yak's attack. x2
The yak is struck by your spines. The yak barely misses you.
You block the yak's attack. The yak gores you!
Your blood congeals into armour.
You take 5 damage, and have 57/87 hp.
You now have 12/19 mp.
You hit the yak. The yak is struck by your spines. The yak gores you!
The yak gores you but does no damage. The yak barely misses you.
You riposte.
You hit the yak. The yak closely misses you.
You riposte.
You hit the yak. You block the yak's attack.
You take 6 damage, and have 51/87 hp.
You now have 11/19 mp.
You are too injured to fight recklessly!
You are too injured to fight recklessly!
You are too injured to fight recklessly!
You are too injured to fight recklessly!
You hit the yak. The yak gores you. You block the yak's attack. x3
The yak gores you but does no damage. The yak closely misses you.
You riposte.
You closely miss the yak. Your headbutt misses the yak.
The yak is struck by your spines. The yak gores you!
You take 10 damage, and have 41/87 hp.
You now have 8/19 mp.
You slash the yak! You block the yak's attack. x2
The yak gores you but does no damage. The yak gores you!
You block the yak's attack.
You take 5 damage, and have 36/87 hp.
You now have 7/19 mp.
You slash the yak!
You kill the yak!
Lugonu accepts your kill. The yak is struck by your spines.
The yak gores you but does no damage. The yak is struck by your spines.
The yak barely misses you. You block the yak's attack.
The yak is struck by your spines. The yak barely misses you.
You riposte.
You slash the yak! You hit the yak. You headbutt the yak.
You block the yak's attack. The yak gores you!
* * * LOW HITPOINT WARNING * * *
The yak gores you but does no damage. The yak is struck by your spines.
The yak gores you but does no damage.
You take 12 damage, and have 25/87 hp.
You now have 5/19 mp.
You hit the yak. Your headbutt misses the yak. You block the yak's attack.
You hit the yak but do no damage. You headbutt the yak.
The crocodile is struck by your spines. The crocodile bites you.
* * * LOW HITPOINT WARNING * * *
You block the yak's attack. The yak is struck by your spines.
The yak gores you but does no damage.
You take 3 damage, and have 26/87 hp.
You now have 5/19 mp.
You block the yak's attack.
A bullfrog comes into view.
The yak misses you. You block the yak's attack.
You hit the yak but do no damage.
You regained 2 hp, and now have 33/87 hp.
You block the crocodile's attack. The yak is struck by your spines.
The yak closely misses you.
The bullfrog hits you but does no damage.
The yak gores you but does no damage.
You hit the yak. You block the bullfrog's attack. The crocodile bites you!
You block the yak's attack. The yak is struck by your spines.
The yak gores you but does no damage. x2
You take 6 damage, and have 28/87 hp.
You now have 4/19 mp.
You hit the yak. The bullfrog is struck by your spines.
The bullfrog closely misses you.
You riposte.
You slash the bullfrog! The crocodile is struck by your spines.
The crocodile bites you but does no damage.
The bullfrog is struck by your spines. The bullfrog closely misses you.
You riposte.
You slash the bullfrog!
You kill the bullfrog!
Lugonu accepts your kill.
Your Fighting skill increases to level 9!
The yak is struck by your spines.
The yak gores you but does no damage. x2
The yak is struck by your spines. The yak closely misses you.
You block the crocodile's attack.
You regained 2 hp, and now have 30/89 hp.
You barely miss the yak. The yak is struck by your spines. The yak gores you.
* * * LOW HITPOINT WARNING * * *
You block the yak's attack. The yak gores you but does no damage.
The crocodile is struck by your spines. The crocodile misses you.
You riposte.
You barely miss the crocodile.
You take 4 damage, and have 26/89 hp.
You now have 3/19 mp.
You hit the yak. The yak gores you.
* * * LOW HITPOINT WARNING * * *
The yak is struck by your spines. The yak gores you but does no damage.
The yak is struck by your spines. The yak barely misses you.
You riposte.
You hit the yak. The crocodile bites you!
* * * LOW HITPOINT WARNING * * *
You take 14 damage, and have 12/89 hp.
You now have 1/19 mp.
The yak gores you!
You die...

##### ##.#.#
##.#..# #.#Y..###
##Y.t....##
#P@#Y.....##
##.+...8...###
#.#.........#
..####......##
.#####....8..##
#.#......†††...#
..+.......†.......
#.#...8..8.>.8.+..
+............#...


You could see 2 yaks and a crocodile.

Vanquished Creatures
  A centaur warrior (D:11)
  A cyclops (D:11)
  An ugly thing (D:11)
  Joseph (D:10)
  2 spiny frogs (Lair:1)
  A komodo dragon (D:11)
  A tengu conjurer (D:11)
  A troll (D:10)
  A slime creature (D:11)
  Prince Ribbit (D:9)
  3 yaks
  A shadow (D:11)
  A wraith (D:11)
  2 wyverns (D:11)
  3 hogs (D:7)
  A human (D:7)
  2 steam dragons (D:11)
  A vampire mosquito (D:11)
  A hungry ghost (D:11)
  2 water moccasins
  2 sky beasts
  5 orc warriors (D:11)
  4 ice beasts
  A phantom (D:11)
  2 black bears
  An eye of draining (shapeshifter) (D:11)
  2 necrophages
  3 wolves (Lair:2)
  6 ogres
  5 centaurs
  2 big kobolds (D:11)
  A crocodile (Lair:1)
  9 bullfrogs
  2 wyvern zombies (D:11)
  4 scorpions
  A wight (D:11)
  3 howler monkeys
  2 crimson imps
  2 quasits
  2 bullfrog zombies
  4 hounds
  A human zombie (D:8)
  3 orc priests
  3 bullfrog skeletons
  3 jellies
  5 orc wizards
  5 centaur skeletons
  2 iguanas
  Ijyb (D:3)
  9 worker ants
  3 hound skeletons
  A howler monkey zombie (D:10)
  Robin (D:4)
  2 howler monkey skeletons
  7 gnolls
  13 adders
  2 shadow imps
  An ooze (D:1)
  2 adder zombies
  3 worms
  2 dart slugs
  3 leopard geckos
  20 orcs
  A ball python (D:1)
  7 giant cockroaches
  18 goblins
  10 hobgoblins
  13 jackals
  3 quokkas
  A ball python skeleton (D:5)
  10 bats
  4 frilled lizards (D:2)
  A jackal skeleton (D:4)
  7 kobolds
  3 rats
261 creatures vanquished.

Vanquished Creatures (others)
  Blork the orc (D:5)
  An orc (D:4)
  A bush (D:11)
  2 fungi (Lair:1)
  A plant (Lair:1)
6 creatures vanquished.

Grand Total: 267 creatures vanquished

Notes
Turn   | Place    | Note
-------+----------+-------------------------------------------
     0 | Abyss:1  | alrianne the Demonspawn Abyssal Knight began the quest for
                  | the Orb.
     0 | Abyss:1  | Reached XP level 1. HP: 18/18 MP: 2/2
    27 | D:1      | Escaped the Abyss
   185 | D:1      | Reached skill level 1 in Dodging
   232 | D:1      | Gained mutation: You are partially covered in sharp spines.
                  | [demonic ancestry]
   232 | D:1      | Reached XP level 2. HP: 24/24 MP: 4/4
   265 | D:1      | Reached skill level 2 in Long Blades
   428 | D:1      | Reached skill level 2 in Armour
   892 | D:2      | Reached ** piety under Lugonu
   892 | D:2      | Gained mutation: When seriously injured, your bleeding
                  | wounds create armour. (AC +12) [demonic ancestry]
   892 | D:2      | Reached XP level 3. HP: 20/29 MP: 5/5
   996 | D:2      | Reached skill level 3 in Invocations
  1155 | D:2      | Found a white marble altar of Elyvilon.
  1749 | D:3      | Gained mutation: You have a pair of small horns on your
                  | head. [demonic ancestry]
  1749 | D:3      | Reached XP level 4. HP: 35/35 MP: 6/6
  2009 | D:3      | Noticed Ijyb
  2023 | D:3      | Killed Ijyb
  2607 | D:3      | Reached skill level 2 in Dodging
  2622 | D:3      | Gained mutation: You are mostly covered in sharp spines.
                  | [demonic ancestry]
  2622 | D:3      | Reached XP level 5. HP: 29/42 MP: 4/7
  2637 | D:4      | Reached *** piety under Lugonu
  2950 | D:4      | Reached skill level 4 in Invocations
  2977 | D:4      | Reached skill level 4 in Fighting
  3017 | D:4      | Reached skill level 3 in Long Blades
  3017 | D:4      | Gained mutation: When seriously injured, your bleeding
                  | wounds create thick armour. (AC +12) [demonic ancestry]
  3017 | D:4      | Reached XP level 6. HP: 47/48 MP: 9/9
  3088 | D:4      | Reached skill level 3 in Armour
  3417 | D:4      | Noticed Robin
  3429 | D:4      | Killed Robin
  3666 | D:5      | Entered Level 5 of the Dungeon
  3744 | D:5      | Noticed an ice beast
  3751 | D:5      | Killed an ice beast
  3751 | D:5      | Reached skill level 5 in Invocations
  3751 | D:5      | Gained mutation: When seriously injured, your bleeding
                  | wounds create very thick armour. (AC +12) [demonic
                  | ancestry]
  3751 | D:5      | Reached XP level 7. HP: 42/55 MP: 6/10
  3848 | D:5      | Reached skill level 3 in Dodging
  3854 | D:5      | Noticed Blork the orc
  3859 | D:5      | Reached **** piety under Lugonu
  3863 | D:5      | Corrupted D:5
  3863 | D:5      | Noticed a smoke demon
  3863 | D:5      | Noticed a starcursed mass
  3863 | D:5      | Noticed a worldbinder
  3863 | D:5      | Noticed a large abomination
  3863 | D:5      | Noticed a large abomination
  3864 | D:5      | Noticed a white very ugly thing
  3864 | D:5      | Noticed a sixfirhy
  3865 | D:5      | Killed Blork the orc
  3865 | D:5      | Noticed a smoke demon
  3866 | D:5      | Noticed a bone dragon
  3866 | D:5      | Noticed a smoke demon
  3867 | D:5      | Noticed a flying skull
  3867 | D:5      | Noticed a large abomination
  3910 | D:5      | Found a stormy altar of Qazlal.
  4435 | D:5      | Found a staircase to the Ecumenical Temple.
  4627 | D:6      | Reached skill level 4 in Armour
  4649 | D:6      | Reached skill level 5 in Fighting
  4655 | D:6      | Reached skill level 4 in Long Blades
  4692 | D:6      | Gained mutation: You have a pair of horns on your head.
                  | [demonic ancestry]
  4692 | D:6      | Reached XP level 8. HP: 59/62 MP: 10/12
  4736 | D:6      | Reached skill level 6 in Invocations
  4828 | D:6      | Found a sacrificial altar of Ru.
  4848 | D:6      | Found a snail-covered altar of Cheibriados.
  4926 | D:6      | Found an opulent altar of Gozag.
  4926 | D:6      | Found a stormy altar of Qazlal.
  4955 | D:6      | Reached skill level 4 in Dodging
  5231 | D:7      | Found a snail-covered altar of Cheibriados.
  5295 | D:7      | Reached skill level 7 in Invocations
  5351 | D:7      | Reached skill level 6 in Fighting
  5351 | D:7      | Reached skill level 5 in Armour
  5353 | D:7      | Reached skill level 5 in Long Blades
  5353 | D:7      | Reached XP level 9. HP: 47/68 MP: 9/14
  5372 | D:7      | Reached skill level 5 in Dodging
  5574 | D:7      | Found a blossoming altar of Fedhas.
  5753 | Temple   | Entered the Ecumenical Temple
  6107 | D:8      | Found a runed translucent door.
  6111 | D:8      | Found a basalt altar of Yredelemnul.
  6172 | D:8      | Got a creamy pearl robe
  6183 | D:8      | Identified the +2 robe of Ciantiv {Regen+ Int+2} (You found
                  | it on level 8 of the Dungeon)
  6283 | D:8      | Reached skill level 8 in Invocations
  6950 | D:9      | Reached skill level 7 in Fighting
  6950 | D:9      | Reached skill level 6 in Armour
  7048 | D:9      | Noticed Prince Ribbit
  7055 | D:9      | Killed Prince Ribbit
  7055 | D:9      | Reached skill level 6 in Long Blades
  7494 | D:10     | Entered Level 10 of the Dungeon
  7600 | D:10     | Noticed a troll
  7610 | D:10     | Killed a troll
  7610 | D:10     | Reached XP level 10. HP: 41/78 MP: 7/16
  7843 | D:10     | Reached ***** piety under Lugonu
  7843 | D:10     | Reached skill level 6 in Dodging
  7843 | D:10     | Reached skill level 9 in Invocations
  7856 | D:10     | Noticed Joseph
  7878 | D:10     | Killed Joseph
  7927 | D:10     | Got a slimy ring mail
  7974 | D:10     | Found Elobeb's General Store.
  8137 | D:10     | Found Adev's Weapon Shoppe.
  8426 | D:11     | Noticed a centaur warrior
  8436 | D:11     | Killed a centaur warrior
  8461 | D:11     | Reached skill level 8 in Fighting
  8469 | D:11     | Reached skill level 7 in Armour
  8503 | D:11     | Reached skill level 7 in Long Blades
  8503 | D:11     | Reached skill level 10 in Invocations
  8545 | D:11     | HP: 20/80 [bullfrog (2)]
  8578 | D:11     | Reached XP level 11. HP: 48/86 MP: 7/18
  8607 | D:11     | Reached skill level 7 in Dodging
  8726 | D:11     | Noticed a purple ugly thing
  8747 | D:11     | HP: 19/87 [orc warrior/+0 long sword (9)]
  8753 | D:11     | HP: 21/87 [purple ugly thing (15)]
  8763 | D:11     | HP: 19/87 [orc warrior/+0 long sword (1)]
  8771 | D:11     | Killed a purple ugly thing
  9573 | D:11     | Found a basalt altar of Yredelemnul.
  9574 | D:11     | Found a staircase to the Lair.
  9581 | D:11     | Found a basalt altar of Yredelemnul.
  9664 | Lair:1   | Entered Level 1 of the Lair of Beasts
  9848 | Lair:1   | Noticed a six-headed hydra
  9977 | Lair:1   | You fall into a shaft and drop 1 floor!
  9992 | Lair:2   | Reached skill level 11 in Invocations
 10014 | Lair:2   | Reached skill level 9 in Fighting
 10016 | Lair:2   | HP: 12/89 [crocodile (13)]
 10017 | Lair:2   | Slain by a yak

Levels and vault maps discovered:
D:1:      scummos_arrival_simple_fountains, layout_basic, serial_bayou,
          serial_bayou_shore_a, serial_bayou_ford_a, serial_bayou_pond_b,
          serial_bayou_pond_d
D:2:      layout_loops_ring, overflow_temple_1_default, first_ration,
          skrybe_limestone_x
D:3:      layout_basic, uniq_ijyb
D:4:      kennysheep_goblin_castle, layout_basic, minmay_misc_feat_doors
D:5:      layout_loops_ring, minmay_temple_entry_poolview, basic_altar,
          serial_bayou_pond_d, due_unseen_surprise, uniq_blork_the_orc
D:6:      layout_rooms, nicolae_ru_awakened_eye, gammafunk_temple_overflow_wave,
          basic_altar
D:7:      layout_basic, fedhas_altar_4, basic_altar, grunt_livestock
D:8:      layout_cave_pods, serial_park, serial_park_gazebo
          [serial_park_minivault_5x5_2], dk_yredelemnul_ordeal
D:9:      layout_stronghold, uniq_prince_ribbit1
D:10:     layout_basic, serial_shops, shop, kennysheep_mini,
          kennysheep_generic_room_14, uniq_joseph
D:11:     minmay_the_grid_octo_tiled_squarecenter [minmay_the_grid_octo_77,
          minmay_the_grid_octo_fan_narrow, minmay_the_grid_octo_checkerflower,
          minmay_the_grid_octo_vomiting_pacman,
          minmay_the_grid_square_5x5_megaprize_crossed,
          minmay_the_grid_square_5x5_moneybag,
          minmay_the_grid_square_5x5_pentomino_r,
          minmay_the_grid_square_5x5_comb, minmay_the_grid_square_5x5_dogpile],
          layout_loops_cross, hangedman_decor_points, minmay_misc_feat_hallway,
          kb_lookout_dungeons_type
Temple:   minmay_crystal_spiral_temple
Lair:1:   lemuel_slime, layout_chaotic_city
Lair:2:   layout_misc_corridors, minivault_29, lemuel_fruit_tree,
          grunt_megastairs_3

Skill      XL: |  1  2  3  4  5  6  7  8  9 10 11 |
---------------+----------------------------------+-----
Dodging        | 1 2 3 4 5 6 7 |  7.6
Long Blades    | 2 3 4 5 6 7 |  7.8
Armour         | 2 3 4 5 6 7 |  7.9
Invocations    | 3 4 5 7 8 10 11 | 11.0
Fighting       | 4 5 6 7 8 9 |  9.0

Action                   |  1- 3 |  4- 6 |  7- 9 | 10-12 || total
-------------------------+-------+-------+-------+-------++-------
Melee: Falchion          |    70 |   115 |   258 |   397 ||   840
       Headbutt          |       |    21 |    60 |   101 ||   182
Invok: Banish            |       |     1 |       |     1 ||     2
       Corrupt           |       |       |     1 |       ||     1
 Abil: Evoke Berserk Rag |       |     1 |       |       ||     1
  Use: Scroll            |    13 |     6 |     4 |     2 ||    25
       Potion            |       |       |       |     6 ||     6
  Eat: Chunk             |     2 |     5 |    13 |     9 ||    29
       Ration            |       |     1 |       |       ||     1
Armor: Leather armour    |    12 |    52 |    78 |       ||   142
       Robe              |       |       |    31 |   185 ||   216
Dodge: Dodged            |    37 |    76 |   130 |   180 ||   423
Block: Large shield      |       |       |    96 |   273 ||   369
       Rpst.: Falchion   |    10 |    19 |    34 |    45 ||   108

Table legend:
 A = Non-vault XP
 B = Vault XP
 C = Vault XP percentage of total XP
 D = Non-vault monster count
 E = Vault monster count
 F = Vault count percentage of total count
                 A         B        C        D         E       F
            +---------+---------+-------+---------+---------+-------
      Total |    7253 |    9565 |  56.9 |     186 |      77 |  29.3
            +---------+---------+-------+---------+---------+-------
        D:1 |      24 |       1 |   4.0 |      11 |       1 |   8.3
        D:2 |      63 |       0 |   0.0 |      24 |       0 |   0.0
        D:3 |      79 |      35 |  30.7 |      16 |       1 |   5.9
        D:4 |     390 |      51 |  11.6 |      21 |      20 |  48.8
        D:5 |     469 |      68 |  12.7 |      10 |       1 |   9.1
        D:6 |     901 |       0 |   0.0 |      21 |       0 |   0.0
        D:7 |     642 |    1005 |  61.0 |      19 |       5 |  20.8
        D:8 |     592 |      43 |   6.8 |       9 |       1 |  10.0
        D:9 |     727 |     268 |  26.9 |      12 |       1 |   7.7
       D:10 |    1066 |     757 |  41.5 |      24 |       2 |   7.7
       D:11 |     993 |    6573 |  86.9 |      13 |      40 |  75.5
     Lair:1 |    1214 |       0 |   0.0 |       5 |       0 |   0.0
     Lair:2 |      93 |     764 |  89.1 |       1 |       5 |  83.3
            +---------+---------+-------+---------+---------+-------

Levels and vault maps discovered:
D:1:      scummos_arrival_simple_fountains, layout_basic, serial_bayou,
          serial_bayou_shore_a, serial_bayou_ford_a, serial_bayou_pond_b,
          serial_bayou_pond_d
D:2:      layout_loops_ring, overflow_temple_1_default, first_ration,
          skrybe_limestone_x
D:3:      layout_basic, uniq_ijyb
D:4:      kennysheep_goblin_castle, layout_basic, minmay_misc_feat_doors
D:5:      layout_loops_ring, minmay_temple_entry_poolview, basic_altar,
          serial_bayou_pond_d, due_unseen_surprise, uniq_blork_the_orc
D:6:      layout_rooms, nicolae_ru_awakened_eye, gammafunk_temple_overflow_wave,
          basic_altar
D:7:      layout_basic, fedhas_altar_4, basic_altar, grunt_livestock
D:8:      layout_cave_pods, serial_park, serial_park_gazebo
          [serial_park_minivault_5x5_2], dk_yredelemnul_ordeal
D:9:      layout_stronghold, uniq_prince_ribbit1
D:10:     layout_basic, serial_shops, shop, kennysheep_mini,
          kennysheep_generic_room_14, uniq_joseph
D:11:     minmay_the_grid_octo_tiled_squarecenter [minmay_the_grid_octo_77,
          minmay_the_grid_octo_fan_narrow, minmay_the_grid_octo_checkerflower,
          minmay_the_grid_octo_vomiting_pacman,
          minmay_the_grid_square_5x5_megaprize_crossed,
          minmay_the_grid_square_5x5_moneybag,
          minmay_the_grid_square_5x5_pentomino_r,
          minmay_the_grid_square_5x5_comb, minmay_the_grid_square_5x5_dogpile],
          layout_loops_cross, hangedman_decor_points, minmay_misc_feat_hallway,
          kb_lookout_dungeons_type
Temple:   minmay_crystal_spiral_temple
Lair:1:   lemuel_slime, layout_chaotic_city
Lair:2:   layout_misc_corridors, minivault_29, lemuel_fruit_tree,
          grunt_megastairs_3

Table legend:
 A = Turns spent in this place as a percentage of turns spent in the entire game.
 B = Non-inter-level travel turns spent in this place as a percentage of non-inter-level travel turns spent in the entire game.
 C = Inter-level travel turns spent in this place as a percentage of turns spent in this place.
 D = Turns resting spent in this place as a percentage of non-inter-level travel turns spent in this place.
 E = Turns spent auto-exploring this place as a percentage of non-inter-level travel turns spent in this place.
 F = Non-inter-level travel turns spent in this place divided by the number of levels of this place that you've seen.
                   A       B       C       D       E      F
               +-------+-------+-------+-------+-------+----------------------
         Total | 100.0 | 100.0 |   4.6 |  17.6 |  63.2 | 636.8
       Dungeon |  94.3 |  95.0 |   3.9 |  17.2 |  64.3 | 825.3
        Temple |   1.9 |   1.0 |  50.8 |   0.0 |  98.9 |  95.0
          Lair |   3.5 |   3.7 |   0.3 |  36.1 |  30.7 | 176.0
         Abyss |   0.3 |   0.3 |   0.0 |   0.0 |   0.0 |  27.0
               +-------+-------+-------+-------+-------+----------------------

Table legend:
 A = Kills in this place as a percentage of kills in entire the game.
 B = Kills by you in this place as a percentage of kills by you in the entire game.
 C = Kills by friends in this place as a percentage of kills by friends in the entire game.
 D = Other kills in this place as a percentage of other kills in the entire game.
 E = Experience gained in this place as a percentage of experience gained in the entire game.
 F = Experience gained in this place divided by the number of levels of this place that you have seen.
                   A       B       C       D       E      F
               +-------+-------+-------+-------+-------+----------------------
         Total | 100.0 | 100.0 |   N/A | 100.0 | 100.0 | 1121.2
       Dungeon |  95.8 |  95.8 |   N/A | 100.0 |  87.7 | 1340.6
          Lair |   4.2 |   4.2 |   N/A |   0.0 |  12.3 | 1035.5
               +-------+-------+-------+-------+-------+----------------------
